 Dungeon Crawl Stone Soup version 0.29-a0-25-g7f48f510a0 (webtiles) character file.

Game seed: 1120106646017252748

71 oldriver the Poker (level 4, 0/60 HPs)
             Began as a Hill Orc Gladiator on Feb 1, 2022.
             Slain by Ijyb (14 damage)
             ... on level 3 of the Dungeon.
             The game lasted 00:03:31 (2081 turns).

oldriver the Poker (Hill Orc Gladiator)             Turns: 2081, Time: 00:03:31

Health: 0/60       AC: 22    Str: 18    XL:     4   Next: 24%
Magic:  4/4        EV:  2    Int:  8    God:
Gold:   88         SH:  0    Dex: 12    Spells: 3/3 levels left

rFire   . . .      SeeInvis .   a - +0 trident
rCold   . . .      Faith    .   (no shield)
rNeg    . . .      Spirit   .   (armour currently unavailable)
rPois   +          Reflect  .   (helmet currently unavailable)
rElec   .          Harm     .   (cloak currently unavailable)
rCorr   .          Rampage  .   (gloves currently unavailable)
Will    .....      NoTele   +   (boots currently unavailable)
Stlth   +.........              (no amulet)
HPRegen 0.20/turn               (no ring)
MPRegen 0.09/turn               (no ring)

@: tree-form
A: stationary, stasis, torment immunity, boosted hp
a: no special abilities


You were on level 3 of the Dungeon.
You were a tree.
You visited 1 branch of the dungeon, and saw 3 of its levels.

You collected 88 gold pieces.

Inventory:

Hand Weapons
 a - a +0 trident (weapon)
 b - a +0 hunting sling
Missiles
 d - 2 throwing nets (quivered)
 h - 41 stones
Armour
 c - a +0 helmet (melded)
 g - a +0 pair of gloves (melded)
 m - a +0 plate armour of willpower (melded)
Scrolls
 e - a scroll of enchant armour {unknown}
 f - a scroll of noise {unknown}
 j - 2 scrolls of identify {unknown}
 k - a scroll of teleportation {unknown}
 n - a scroll of silence {unknown}
 q - a scroll of enchant weapon {unknown}
Potions
 i - a potion of invisibility {unknown}


   Skills:
 + Level 3.6 Fighting
 - Level 4.0 Polearms
 + Level 2.8 Throwing
 - Level 2.4 Dodging


You had 3 spell levels left.
You didn't know any spells.
Your spell library was empty.

Dungeon Overview and Level Annotations

Branches:
Dungeon (3/15)

Altars:
Kikubaaqudgha

Annotations:
D:3 Ijyb


Message History

Ijyb is moderately wounded.
Ijyb hits you but does no damage. The goblin hits you but does no damage.
You hit Ijyb.
Ijyb is heavily wounded.
Ijyb hits you with a +4 dagger of electrocution.
The goblin hits you but does no damage.
It was a potion of lignification.
You turn into a tree.
Your +0 helmet melds into your body.
Your +0 pair of gloves melds into your body.
Your +0 plate armour of willpower melds into your body.
You feel less strong-willed.
Your roots penetrate the ground.
Ijyb hits you but does no damage. The goblin hits you but does no damage.
You hit Ijyb.
Ijyb is heavily wounded.
Ijyb screams, "It's all mine!"
Ijyb hits you but does no damage. The goblin hits you but does no damage.
Ijyb hits you but does no damage.
You are electrocuted!
You hit Ijyb but do no damage.
Ijyb is heavily wounded.
The goblin hits you but does no damage.
Ijyb screams, "Get away!"
Ijyb hits you but does no damage.
You barely miss Ijyb.
Ijyb is heavily wounded.
The goblin hits you but does no damage. Ijyb hits you but does no damage.
You are electrocuted!
* * * LOW HITPOINT WARNING * * *
You hit Ijyb but do no damage.
Ijyb is heavily wounded.
The goblin hits you but does no damage. Ijyb hits you but does no damage.
The goblin hits you but does no damage.
You closely miss Ijyb.
Ijyb is heavily wounded.
Ijyb hits you with a +4 dagger of electrocution.
* * * LOW HITPOINT WARNING * * *
The goblin hits you but does no damage.
You closely miss Ijyb.
Ijyb is heavily wounded.
Ijyb hits you but does no damage.
You are electrocuted!
You die...

#.# ###.###.####...#..
#####....# ##.##.##
.........# ##.##.⌠.#
##......###.####.##
#..#........#.#.#.#
#.#.#.##..#.⌠.###.
#.####.....###..#.#.#.#
#.....g....# ##..#.#.##
...###♣...## #.###.♣.# #
#.>g..######..#.#.#.
#.#......#...#.#.###
...#.........#.8.###.
...# ##.)...##..#.###.#
###.#g).?.#.####.####.##
# #.###.#.# ##.##.⌠.# #
.#.######.##.##
............#..


You could see Ijyb and a goblin.

Vanquished Creatures
  2 adders (D:2)
  2 worms
  7 ball pythons
  2 bats
  7 endoplasms
  A giant cockroach (D:1)
  9 goblins
  3 frilled lizards
  6 kobolds
  5 rats
44 creatures vanquished.

Notes
Turn   | Place    | Note
-------+----------+-------------------------------------------
     0 | D:1      | oldriver the Hill Orc Gladiator began the quest for the
                  | Orb.
     0 | D:1      | Reached XP level 1. HP: 18/18 MP: 1/1
   478 | D:1      | Reached XP level 2. HP: 25/25 MP: 2/2
   865 | D:1      | Found a faded altar of an unknown god.
  1052 | D:2      | Reached XP level 3. HP: 31/31 MP: 3/3
  1386 | D:2      | Found an ancient bone altar of Kikubaaqudgha.
  1481 | D:2      | Reached skill level 4 in Polearms
  1481 | D:2      | Reached XP level 4. HP: 38/38 MP: 4/4
  2062 | D:3      | Noticed Ijyb
  2081 | D:3      | Slain by Ijyb

Illustrated notes

Levels and vault maps discovered:
D:1:      sevenhm_arrival_forest_fort_small_4, layout_basic,
          ebering_ecumenical_altar_sacrificial
D:2:      layout_basic, basic_altar
D:3:      layout_loops_ring, serial_park_tiny_1, grunt_decor_mini_mirrors,
          nicolae_underground_beach, uniq_ijyb

Skill      XL: |  1  2  3 |
---------------+----------+-----
Throwing       | 2 |  2.8
Fighting       | 3 |  3.6
Polearms       | 4 |  4.0
Dodging        | |  2.4

Action                   |  1- 3 |  4- 6 || total
-------------------------+-------+-------++-------
Melee: Trident           |   104 |    30 ||   134
       Punch             |     2 |     1 ||     3
 Fire: Hunting sling     |     3 |       ||     3
Throw: Throwing net      |     1 |       ||     1
  Use: Potion            |       |     3 ||     3
 Stab: Sleeping          |     1 |       ||     1
Armor: Leather armour    |    18 |       ||    18
       Plate armour      |     6 |    17 ||    23
       Skin              |       |    14 ||    14
Dodge: Dodged            |    42 |     5 ||    47

Table legend: (Time is in decaauts)
 A = Elapsed time spent in this place.
 B = Non-inter-level travel time spent in this place.
 C = Inter-level travel time spent in this place.
 D = Time resting spent in this place.
 E = Time spent auto-exploring this place.
 F = Levels seen in this place.
 G = Mean time per level.
                   A        B        C        D        E       F      G
               +--------+--------+--------+--------+--------+-----+--------+
         Total |   2098 |   2036 |     62 |    348 |   1234 |   3 |  699.3 |
       Dungeon |   2098 |   2036 |     62 |    348 |   1234 |   3 |  699.3 |
               +--------+--------+--------+--------+--------+-----+--------+

Top non-repeatable levels by time:
     D:1: 995 daAuts
     D:2: 874 daAuts
     D:3: 229 daAuts
